 Dungeon Crawl Stone Soup version bcrawl-1.27.3 (webtiles) character file.

Game seed: 4235162581078568416

261053 Freyura the Cudgeler (level 7, -5/44 HPs)
             Began as a Gargoyle Fighter on Aug 3, 2020.
             Slain by a phantom (6 damage)
             ... on level 4 of the Dungeon.
             The game lasted 00:08:10 (3101 turns).

Freyura the Cudgeler (Gargoyle Fighter)             Turns: 3101, Time: 00:08:11

Health: -5/44      AC: 15    Str: 19    XL:     7   Next: 68%
Magic:  7/7        EV:  6    Int:  9    God:
Gold:   182        SH:  9    Dex: 11    Spells: 6/6 levels left

rFire    . . .     SeeInvis .   a - +0 flail
rCold    . . .     Gourm    .   c - +0 medium shield
rNeg     + . .     Faith    +   b - +0 scale mail
rPois    ∞         Spirit   .   n - +0 helmet
rElec    +         Reflect  .   (no cloak)
rCorr    .         Harm     .   o - +0 pair of gloves (curse)
MR       .....                  m - +0 pair of boots
Stlth    ..........             i - amulet of faith
HPRegen  0.14/turn              p - ring of wizardry
MPRegen  0.10/turn              (no ring)

@: no status effects
A: negative energy resistance 1, electricity resistance, unbreathing,
petrification resistance, rot immunity, AC +4
a: no special abilities


You were on level 4 of the Dungeon.
You were not hungry.

You visited 1 branch of the dungeon, and saw 5 of its levels.

You collected 182 gold pieces.

Inventory:

Hand Weapons
 a - a +0 flail (weapon)
 l - a +4 club
Armour
 b - a +0 scale mail (worn)
 c - a +0 medium shield (worn)
 m - a +0 pair of boots (worn)
 n - a +0 helmet (worn)
 o - a cursed +0 pair of gloves (worn)
Jewellery
 i - an amulet of faith (around neck)
 p - a ring of wizardry (left hand)
Scrolls
 g - a scroll of teleportation
 h - a scroll of identify
 q - a scroll of immolation
 r - a scroll of remove curse
Potions
 d - a potion of curing {unknown}
 f - a potion of berserk rage
 j - 2 potions of flight
 k - a potion of agility {unknown}
 s - a potion of magic {unknown}
 t - a potion of heal wounds {unknown}
Comestibles
 e - 2 rations {!d}


   Skills:
 + Level 5.1 Fighting
 * Level 5.5 Maces & Flails
 + Level 5.1 Armour
 + Level 5.1 Shields


You had 6 spell levels left.
You didn't know any spells.
Your spell library was empty.

Dungeon Overview and Level Annotations

Branches:
Dungeon (5/12)
 Temple: D:4-7

Altars:
Gozag
Nemelex Xobeh


Innate Abilities, Weirdness & Mutations

You are resistant to torment.
Your stone body is resilient. (AC +4)
You are immune to poison.
You resist negative energy. (rN+)
You are resistant to electric shocks. (rElec)
You can survive without breathing.
You are immune to petrification.
You are immune to rotting.


Message History

The phantom hits you.
* * * LOW HITPOINT WARNING * * *
You hit the phantom but do no damage.
The phantom is lightly damaged.
You block the phantom's attack.
You hit the phantom but do no damage.
The phantom is lightly damaged.
The phantom hits you but does no damage.
You hit the phantom.
The phantom is lightly damaged.
You block the phantom's attack.
You miss the phantom.
The phantom is lightly damaged.
The phantom hits you.
* * * LOW HITPOINT WARNING * * *
You block the phantom's attack.
You closely miss the phantom.
The phantom is lightly damaged.
The phantom hits you.
You die...

..... #.### ...... ...#
##### #......##..###...#
#..... ..........# ##
#....# #..###...## #.##
#....##%.#>#....##....
###........))....##.....
#........)..#....##.....
......)@W.#.#...........
..........#...........##
##.....###....##...#....
......# #...####..(##...
#..#.# #...# #..##....
..... #.### ##........
.<.. #. ####....##...
... .#..#....#....
..............


You could see a phantom.

Vanquished Creatures
  Sigmund (D:2)
  An ogre (D:3)
  A bullfrog (D:3)
  A big kobold (D:4)
  A crimson imp (D:4)
  An orc wizard (D:3)
  Jessica (D:2)
  Natasha (D:4)
  A worker ant (D:4)
  Robin (D:2)
  A howler monkey skeleton (D:4)
  2 adders
  8 gnolls
  3 worms
  3 dart slugs (D:1)
  2 leopard geckos
  2 orcs (D:3)
  2 giant cockroaches (D:1)
  13 goblins
  8 hobgoblins
  2 jackals (D:2)
  A quokka (D:2)
  A ball python (D:3)
  7 bats
  A frilled lizard (D:3)
  4 kobolds
  4 rats
74 creatures vanquished.

Notes
Turn   | Place    | Note
-------+----------+-------------------------------------------
     0 | D:1      | Freyura the Gargoyle Fighter began the quest for the Orb.
     0 | D:1      | Reached XP level 1. HP: 14/14 MP: 1/1
   252 | D:1      | Reached XP level 2. HP: 15/19 MP: 2/2
   860 | D:2      | Reached XP level 3. HP: 13/23 MP: 3/3
  1002 | D:2      | Noticed Jessica
  1013 | D:2      | Killed Jessica
  1013 | D:2      | Reached XP level 4. HP: 28/29 MP: 4/4
  1293 | D:2      | Found a sparkling altar of Nemelex Xobeh.
  1294 | D:2      | Found an opulent altar of Gozag.
  1294 | D:2      | Noticed Sigmund
  1308 | D:2      | Killed Sigmund
  1308 | D:2      | Reached XP level 5. HP: 18/33 MP: 5/5
  1458 | D:2      | Noticed Robin
  1466 | D:2      | Killed Robin
  1466 | D:2      | Reached XP level 6. HP: 36/39 MP: 6/6
  2298 | D:3      | Reached skill level 5 in Maces & Flails
  2298 | D:3      | Reached XP level 7. HP: 37/44 MP: 7/7
  2724 | D:4      | Noticed Natasha
  2733 | D:4      | Killed Natasha
  2758 | D:4      | Reached skill level 5 in Fighting
  2758 | D:4      | Reached skill level 5 in Armour
  2846 | D:5      | Entered Level 5 of the Dungeon
  2964 | D:4      | Reached skill level 5 in Shields
  3100 | D:4      | HP: 1/44 [phantom (6)]
  3101 | D:4      | Slain by a phantom

Skill      XL: |  1  2  3  4  5  6  7 |
---------------+----------------------+-----
Maces & Flails | 3 4 5 |  5.5
Fighting       | 4 5 |  5.1
Armour         | 4 5 |  5.1
Shields        | 4 5 |  5.1

Action                   |  1- 3 |  4- 6 |  7- 9 || total
-------------------------+-------+-------+-------++-------
Melee: Flail             |    90 |   186 |   103 ||   379
  Use: Scroll            |     3 |     4 |       ||     7
       Potion            |       |     1 |       ||     1
  Eat: Chunk             |     3 |    11 |     3 ||    17
       Ration            |       |       |     1 ||     1
Armor: Scale mail        |    44 |   119 |    82 ||   245
Dodge: Dodged            |    18 |    53 |    33 ||   104
Block: Medium shield     |    47 |    92 |    84 ||   223
